 Dungeon Crawl Stone Soup version 0.21.0 (webtiles) character file.

16 tidbits the Sneak (level 2, -1/16 HPs)
             Began as a Felid Earth Elementalist on Jan 6, 2018.
             Slain by Purgy (2 damage)
             ... on level 3 of the Dungeon.
             The game lasted 00:02:49 (385 turns).

tidbits the Sneak (Felid Earth Elementalist)         Turns: 385, Time: 00:02:49

Health: -1/16      AC:  1    Str:  9    XL:     2   Next: 41%
Magic:  6/6        EV: 18    Int: 16    God:
Gold:   56         SH:  0    Dex: 16    Spells: 2/5 levels left
                                        Lives:  0   Deaths: 0

rFire    . . .     SeeInvis +     - Unarmed
rCold    . . .     Gourm    .   (shield unavailable)
rNeg     . . .     Faith    .   (armour unavailable)
rPois    .         Spirit   .   (helmet unavailable)
rElec    .         Reflect  .   (cloak unavailable)
rCorr    .         Harm     .   (gloves unavailable)
MR       .....                  (boots unavailable)
Stlth    ..........             (no amulet)
HPRegen  0.05/turn              (no ring)
MPRegen  0.10/turn              (no ring)

@: berserking (expiring), very quick
A: very small, no armour, no weapons or thrown items, stealth, claws 1, fangs 3,
see invisible, carnivore, speed 1, shaggy fur 1, slow metabolism 1, sharp paws
a: no special abilities


You were on level 3 of the Dungeon.
You were not hungry.

You visited 1 branch of the dungeon, and saw 3 of its levels.

You collected 56 gold pieces.

Inventory:

Missiles
 b - 12 stones
Scrolls
 a - a scroll of identify {unknown}
 g - a scroll of random uselessness {unknown}
Books
 d - a book of Geomancy

   Spells                             Type                      Level
   a - Sandblast                      Earth                        1
   b - Passwall                       Transmutation/Earth          2
   c - Stone Arrow                    Conjuration/Earth            3
   d - Petrify                        Transmutation/Earth          4
   e - Lee's Rapid Deconstruction     Earth                        5
Comestibles
 c - a ration


   Skills:
 - Level 2.6 Dodging
 + Level 3.6 Stealth
 + Level 1.3 Unarmed Combat
 - Level 2.0 Spellcasting
 - Level 1.1 Transmutations
 - Level 2.6 Earth Magic


You had 2 spell levels left.
You knew the following spells:

 Your Spells              Type           Power        Failure   Level  Hunger
a - Sandblast             Erth           ##....       7%          1    #......
p - Passwall              Tmut/Erth      #.........   14%         2    ###....


Dungeon Overview and Level Annotations

Branches:
Dungeon (3/15)

Altars:

Annotations:
D:3 Purgy


Innate Abilities, Weirdness & Mutations

You cannot wear armour.
You are incapable of wielding weapons or throwing items.
Your paws allow you to move quietly. (Stealth)
You have sharp claws.
You have razor-sharp teeth.
You have supernaturally acute eyesight. (SInv)
You are carnivorous and can eat meat at any time.
You cover ground quickly.
You are covered in fur. (AC +1)
You have a slow metabolism.
Your sharp claws are effective at attacking unaware monsters.


Message History

A frilled lizard comes into view.
The frilled lizard hisses angrily.
Unknown command.
Unknown command.
Unknown command.
Unknown command.
Unknown command.
Unknown command.
Unknown command.
Unknown command.
Unknown command.
Unknown command.
Unknown command.
Unknown command.
Casting: Sandblast
Confirm with . or Enter, or press ? or * to list all spells.
Aiming: Sandblast
Press: ? - help, Shift-Dir - straight line, f - frilled lizard
Aim: a frilled lizard The blast of sand hits the frilled lizard.
You kill the frilled lizard!
b - 15 stones You now have 56 gold pieces (gained 14).
Found a ring mail.
Unknown command.
Found a stone staircase leading down.
Found a whip.
Found a whip.
A rat comes into view.
There is a stone staircase leading down here.
Casting: Sandblast
Confirm with . or Enter, or press ? or * to list all spells.
You can't see any susceptible monsters within range! (Use Z to cast anyway.)
The kobold shouts!
Found a ration.
Casting: Sandblast
Confirm with . or Enter, or press ? or * to list all spells.
Aiming: Sandblast
Press: ? - help, Shift-Dir - straight line, f - rat
Aim: a rat The blast of sand misses the rat.
b - 14 stones The hobgoblin shouts!
An ooze comes into view.
There is a stone staircase leading down here.
The rat bites you.
You climb downwards.
A bat comes into view.
There is a stone staircase leading up here.
Casting: Sandblast
Confirm with . or Enter, or press ? or * to list all spells.
Aiming: Sandblast
Press: ? - help, Shift-Dir - straight line, f - rat
Aim: a rat The blast of sand hits the rat.
The rat is moderately wounded.
b - 13 stones The rat closely misses you.
Casting: Sandblast
Confirm with . or Enter, or press ? or * to list all spells.
Aiming: Sandblast
Press: ? - help, Shift-Dir - straight line, f/p - rat
Aim: a rat (moderately wounded)
The blast of sand hits the rat.
You kill the rat!
b - 12 stones The helpless bat fails to defend itself.
You claw the bat!
You kill the bat!
Found a ring mail.
You see here a ring mail.
A rat and Purgy come into view.
Purgy shouts!
It was a potion of berserk rage.
A red film seems to cover your vision as you go berserk!
You feel yourself moving faster!
You feel mighty!
A leopard gecko comes into view.
You feel a strong urge to attack something.
Purgy closely misses you. Purgy claws you.
* * * LOW HITPOINT WARNING * * *
Purgy claws you.
* * * LOW HITPOINT WARNING * * *
You closely miss Purgy. You claw the leopard gecko!
You kill the leopard gecko!
Purgy misses you. Purgy claws you.
* * * LOW HITPOINT WARNING * * *
Purgy completely misses you.
You claw the rat!
You kill the rat!
Purgy clenches his teeth.
Purgy barely misses you. Purgy claws you.
* * * LOW HITPOINT WARNING * * *
Purgy closely misses you.
You claw Purgy!
Purgy is moderately wounded.
You scratch Purgy.
Purgy is moderately wounded.
Purgy misses you. Purgy closely misses you. Purgy claws you.
You die...

.. ...## ##.
##...## ##.<
##.....###.
#####... ....... .
#.....#. ..... #.
#.###...
...#####.##.# ###.
#T†.........# #.
#@# #.#..#####.
#.# #..........
#.########..######
#......[....#
##########.##
#........
#########


You could see Purgy.

Vanquished Creatures
  A dart slug (D:1)
  A leopard gecko (D:3)
  2 bats
  2 giant cockroaches (D:1)
  A goblin (D:1)
  2 hobgoblins (D:1)
  A frilled lizard (D:2)
  A kobold (D:1)
  2 rats (D:3)
13 creatures vanquished.

Notes
Turn   | Place    | Note
-------+----------+-------------------------------------------
     0 | D:1      | tidbits the Felid Earth Elementalist began the quest for the Orb.
     0 | D:1      | Reached XP level 1. HP: 7/7 MP: 4/4
   137 | D:1      | Reached skill level 3 in Stealth
   164 | D:1      | Reached skill level 1 in Unarmed Combat
   183 | D:1      | Reached XP level 2. HP: 3/11 MP: 0/6
   187 | D:1      | Learned a level 2 spell: Passwall
   377 | D:3      | Noticed Purgy
   383 | D:3      | HP: 1/16 [Purgy (3)]
   385 | D:3      | Slain by Purgy

Skill      XL: |  1 |
---------------+----+-----
Stealth        | 3 |  3.6
Unarmed Combat | 1 |  1.3
Dodging        | |  2.6
Spellcasting   | |  2.0
Transmutations | |  1.1
Earth Magic    | |  2.6

Action                   || total
-------------------------++-------
Melee: Unarmed           ||    14
 Cast: Sandblast         ||    18
  Use: Potion            ||     1
 Stab: Sleeping          ||     2
Armor: Skin              ||     2
Dodge: Dodged            ||    16

Table legend:
 A = Turns spent in this place as a percentage of turns spent in the entire game.
 B = Non-inter-level travel turns spent in this place as a percentage of non-inter-level travel turns spent in the entire game.
 C = Inter-level travel turns spent in this place as a percentage of turns spent in this place.
 D = Turns resting spent in this place as a percentage of non-inter-level travel turns spent in this place.
 E = Turns spent auto-exploring this place as a percentage of non-inter-level travel turns spent in this place.
 F = Non-inter-level travel turns spent in this place divided by the number of levels of this place that you've seen.
                   A       B       C       D       E      F
               +-------+-------+-------+-------+-------+----------------------
         Total | 100.0 | 100.0 |   5.7 |   0.0 |   0.0 | 121.0
       Dungeon | 100.0 | 100.0 |   5.7 |   0.0 |   0.0 | 121.0
               +-------+-------+-------+-------+-------+----------------------

Table legend:
 A = Kills in this place as a percentage of kills in entire the game.
 B = Kills by you in this place as a percentage of kills by you in the entire game.
 C = Kills by friends in this place as a percentage of kills by friends in the entire game.
 D = Other kills in this place as a percentage of other kills in the entire game.
 E = Experience gained in this place as a percentage of experience gained in the entire game.
 F = Experience gained in this place divided by the number of levels of this place that you have seen.
                   A       B       C       D       E      F
               +-------+-------+-------+-------+-------+----------------------
         Total | 100.0 | 100.0 |   N/A |   N/A | 100.0 |   8.0
       Dungeon | 100.0 | 100.0 |   N/A |   N/A | 100.0 |   8.0
               +-------+-------+-------+-------+-------+----------------------

Vault maps used:
D:1:      dpeg_arrival_central, hangedman_decor_push
D:3:      uniq_grinder, uniq_purgy
